 Dungeon Crawl Stone Soup version 0.29-a0-613-gf2c431b9b9 (webtiles) character file.

Game seed: 4868900638848766997

210 ytrimaz the Insei (level 5, -4/33 HPs)
             Began as an Octopode Transmuter on June 17, 2022.
             Slain by a kobold brigand
             ... wielding a +0 short sword
              (8 damage)
             ... in a sewer.
             The game lasted 00:05:40 (3204 turns).

ytrimaz the Insei (Octopode Transmuter)             Turns: 3204, Time: 00:05:41

Health: -4/33      AC:  2    Str:  9    XL:     5   Next: 88%
Magic:  5/8        EV: 19    Int: 18    God:
Gold:   145        SH:  0    Dex: 17    Spells: 2/8 levels left

rFire   . . .      SeeInvis .     - Unarmed
rCold   . . .      Faith    .   (shield currently unavailable)
rNeg    . . .      Spirit   .   (helmet currently unavailable)
rPois   x          Reflect  .   b - amulet of magic regeneration
rElec   .          Harm     .   (no ring)
rCorr   .          Rampage  .   (no ring)
Will    .....                   (no ring)
Stlth   ++........              (no ring)
HPRegen 0.11/turn               (no ring)
MPRegen 0.51/turn               (no ring)
                                (no ring)
                                (no ring)

@: lethally poisoned (-4 -> -16), spider-form (expiring), very slightly
contaminated
A: venomous fangs, almost no armour, (amphibious), 8 rings, tiny, (camouflage
1), (gelatinous body 1), (nimble swimmer 1), (tentacles)
a: End Transformation


You were in a sewer.
You were a venomous arachnid creature.
You visited 1 branch of the dungeon, and saw 3 of its levels.
You also visited: Sewer.

You collected 145 gold pieces.

Inventory:

Jewellery
 b - an amulet of magic regeneration (around neck)
 f - an amulet of the acrobat
Scrolls
 g - a scroll of teleportation
 i - 2 scrolls of fog
 n - a scroll of summoning
Potions
 a - 2 potions of ambrosia
 c - a potion of might
 d - a potion of brilliance
 e - 2 potions of haste
 h - a potion of curing {unknown}
 k - a potion of lignification
 l - a potion of attraction {unknown}
 m - a potion of magic {unknown}


   Skills:
 - Level 1.0 Fighting
 - Level 2.0 Dodging
 + Level 6.3 Unarmed Combat
 - Level 2.0 Spellcasting
 - Level 2.0 Transmutations


You had 2 spell levels left.
You knew the following spells:

 Your Spells              Type           Power      Damage    Failure   Level
a - Beastly Appendage     Tmut           18%        N/A       21%         1
b - Wereblood             Tmut           9%         N/A       28%         2
c - Spider Form           Tmut/Pois      5%         N/A       56%         3

Your spell library contained the following spells:

 Spells                   Type           Power      Damage    Failure   Level
 Ice Form                 Ice/Tmut       5%         N/A       89%         4


Dungeon Overview and Level Annotations

Branches:
Dungeon (3/15)              Sewer (1/1)

Altars:
The Shining One


Innate Abilities, Weirdness & Mutations

You are a venomous arachnid creature.
You have poisonous fangs.
You are tiny and dextrous.
Your spellcasting is less reliable in this form.
Your armour is entirely melded.
You are incapable of wielding weapons or throwing items.
You cannot wear most types of armour.
((You are amphibious.))
You can wear up to eight rings at the same time.
((Your skin changes colour to match your surroundings (Stealth+).))
((Your rubbery body absorbs attacks. (AC +1, EV +1)))
((You are camouflaged when in or above water. (Stealth+)))
((You have tentacles for arms and can constrict up to eight enemies at once.))


Message History

Confirm with . or Enter, or press ? or * to list all spells.
The spell is quite dangerous to miscast (34% risk of failure)!
Continue anyway?
You miscast Spider Form.
You are very lightly contaminated with residual magic.
Nothing appears to happen.
Unknown command.
Casting: Spider Form (quite dangerous; 34% risk of failure)
Confirm with . or Enter, or press ? or * to list all spells.
The spell is quite dangerous to miscast (34% risk of failure)!
Continue anyway?
Your tentacle spike disappears.
You turn into a venomous arachnid creature.
The kobold misses you.
Unknown command.
You hit the kobold but do no damage.
The kobold is poisoned.
The kobold hits you but does no damage.
You are poisoned.
You hit the kobold.
The kobold looks as sick as possible!
The kobold is heavily wounded.
You feel very sick.
The kobold hits you with a +1 short sword of venom.
You are lethally poisoned!
You hit the kobold.
You kill the kobold!
You feel very sick.
You hit the kobold brigand but do no damage.
You feel very sick.
The kobold brigand hits you with a +0 short sword.
You bite the kobold brigand!
The kobold brigand is poisoned.
The kobold brigand is moderately wounded.
* * * LOW HITPOINT WARNING * * *
You feel very sick. The kobold brigand closely misses you.
You are too injured to fight recklessly!
You closely miss the kobold brigand.
The kobold brigand is moderately wounded.
Your transformation is almost over.
* * * LOW HITPOINT WARNING * * *
You feel very sick.
The kobold brigand hits you with a +0 short sword!
You die...

.≈≈.≈#####..≈..####≈.≈.≈#
#...## ##...## ##...##
##≈## ##≈## ##### #≈# #≈#
#≈# #≈# #≈# ##≈## ### ...
##...## #..##
##≈.≈≈≈####..!.#
≈≈≈≈≈.....sKK.!≈.#
####....≈#####....#
##≈≈.## ..## ##### ##


You could see a kobold brigand (very poisoned) and a kobold.

Vanquished Creatures
  Terence (D:3)
  Robin (D:2)
  5 adders
  2 river rats (Sewer)
  3 worms
  3 dart slugs
  An orc (D:3)
  2 bats
  6 endoplasms
  4 giant cockroaches
  10 goblins
  7 hobgoblins
  A jackal (D:2)
  21 kobolds
  2 quokkas
  10 ball pythons
  3 frilled lizards (D:1)
  11 rats
93 creatures vanquished.

Vanquished Creatures (others)
  7 plants (D:1)
7 creatures vanquished.

Grand Total: 100 creatures vanquished

Notes
Turn   | Place    | Note
-------+----------+-------------------------------------------
     0 | D:1      | ytrimaz the Octopode Transmuter began the quest for the
                  | Orb.
     0 | D:1      | Reached XP level 1. HP: 13/13 MP: 3/3
   129 | D:1      | Reached XP level 2. HP: 18/18 MP: 1/5
   393 | D:1      | Learned a level 2 spell: Wereblood
   569 | D:1      | Reached skill level 4 in Unarmed Combat
   598 | D:1      | Found a faded altar of an unknown god.
   769 | D:1      | Reached XP level 3. HP: 21/23 MP: 6/6
  1026 | D:2      | Reached XP level 4. HP: 13/28 MP: 7/7
  1266 | D:2      | Reached skill level 5 in Unarmed Combat
  1638 | D:2      | Noticed Robin
  1657 | D:2      | Killed Robin
  1846 | D:2      | Learned a level 3 spell: Spider Form
  2266 | D:3      | Noticed Terence
  2269 | D:3      | Found a glowing drain.
  2279 | D:3      | Killed Terence
  2280 | D:3      | Reached XP level 5. HP: 16/33 MP: 6/8
  2291 | D:3      | Found a glowing golden altar of the Shining One.
  2323 | D:3      | Noticed a kobold brigand
  2612 | Sewer    | Entered a sewer
  2620 | Sewer    | Reached skill level 6 in Unarmed Combat
  3191 | Sewer    | Noticed a kobold brigand
  3204 | Sewer    | Slain by a kobold brigand

Illustrated notes

Levels and vault maps discovered:
D:1:      roderic_chinese_lattice_arrival, layout_rooms,
          hellmonk_ecumenical_altar_lost_god, lexackson_kobold_supper
D:2:      layout_rooms, uniq_robin
D:3:      layout_loops_ring, mainiacjoe_overflow_alcove_1,
          yredelemnul_forgotten_temple_becter, cheibrodos_sewer_entry_drain,
          uniq_terence
Sewer:    sewer_co_15_rooms

Skill      XL: |  1  2  3  4  5 |
---------------+----------------+-----
Unarmed Combat | 4 5 6 |  6.3
Fighting       | |  1.0
Dodging        | |  2.0
Spellcasting   | |  2.0
Transmutations | |  2.0

Action                   |  1- 3 |  4- 6 || total
-------------------------+-------+-------++-------
Melee: Unarmed           |    70 |   119 ||   189
       Kick              |    13 |    14 ||    27
       Constrict         |    13 |    25 ||    38
       Tentacles         |    12 |    19 ||    31
       Punch             |     3 |     2 ||     5
 Cast: Beastly Appendage |    17 |    20 ||    37
       Spider Form       |       |     3 ||     3
       Wereblood         |       |     1 ||     1
  Use: Scroll            |     3 |     8 ||    11
       Potion            |     1 |     1 ||     2
 Stab: Sleeping          |     2 |     3 ||     5
Armor: Skin              |    16 |     7 ||    23
Dodge: Dodged            |    35 |    75 ||   110

Table legend: (Time is in decaauts)
 A = Elapsed time spent in this place.
 B = Non-inter-level travel time spent in this place.
 C = Inter-level travel time spent in this place.
 D = Time resting spent in this place.
 E = Time spent auto-exploring this place.
 F = Levels seen in this place.
 G = Mean time per level.
                   A        B        C        D        E       F      G
               +--------+--------+--------+--------+--------+-----+--------+
         Total |   3186 |   3121 |     65 |    379 |   2064 |   4 |  796.5 |
       Dungeon |   2599 |   2534 |     65 |    379 |   1621 |   3 |  866.3 |
         Sewer |    587 |    587 |      0 |      0 |    443 |   1 |  587.0 |
               +--------+--------+--------+--------+--------+-----+--------+

Top non-repeatable levels by time:
     D:2: 1459 daAuts
     D:1: 996 daAuts
   Sewer: 587 daAuts
     D:3: 143 daAuts
